 Dungeon Crawl Stone Soup version 0.19-a0-1886-gd64a0f0 (webtiles) character file.

939 dobroeutro the Cudgeler (level 8, -6/49 HPs)
             Began as a Gargoyle Fighter on Oct 16, 2016.
             Was an Initiate of Okawaru.
             Mangled by Prince Ribbit (10 damage)
             ... on level 5 of the Dungeon.
             The game lasted 00:06:55 (4369 turns).

dobroeutro the Cudgeler (Gargoyle Fighter)          Turns: 4369, Time: 00:06:56

Health: -6/49      AC: 18    Str: 21    XL:     8   Next: 12%
Magic:  8/8        EV:  8    Int: 10    God:    Okawaru [......]
Gold:   193        SH:  9    Dex:  9    Spells: 0 memorised, 7 levels left

rFire  . . .     SeeInvis .     u - +4 club
rCold  . . .     Gourm    .     p - +0 ring mail (curse)
rNeg   + . .     Faith    .     c - +0 shield
rPois  ∞         Spirit   .     F - +2 helmet
rElec  +         Dismiss  .     t - +0 cloak
rCorr  .         Reflect  .     (no gloves)
MR     +....     Harm     .     (no boots)
Stlth  ..........               (no amulet)
                                D - ring of protection from magic
                                v - +3 ring of protection

@: no status effects
A: negative energy resistance 1, electricity resistance, unbreathing,
petrification resistance, rot immunity, AC +5
a: Renounce Religion


You were on level 5 of the Dungeon.
You worshipped Okawaru.
Okawaru was noncommittal.
You were not hungry.

You visited 1 branch of the dungeon, and saw 5 of its levels.

You collected 193 gold pieces.

Inventory:

Hand Weapons
 a - a +0 flail
 u - a +4 club (weapon)
Armour
 b - a +0 scale mail
 c - a +0 shield (worn)
 p - a cursed +0 ring mail (worn)
 t - a +0 cloak (worn)
 F - a +2 helmet (worn)
Jewellery
 s - an uncursed ring of fire
 v - a +3 ring of protection (left hand)
 B - a +2 ring of strength
 D - a ring of protection from magic (right hand)
 H - an uncursed ring of poison resistance {unknown}
Wands
 r - a wand of lightning (8/15)
 A - a wand of acid (7/15)
 G - a wand of lightning (3/15)
Scrolls
 e - 3 scrolls of teleportation {unknown}
 h - 7 scrolls of identify {unknown}
 k - 2 scrolls of enchant armour {unknown}
 m - 3 scrolls of remove curse {unknown}
 n - a scroll of blinking {unknown}
 q - 3 scrolls of recharging {unknown}
 y - a scroll of amnesia {unknown}
 z - a scroll of random uselessness {unknown}
Potions
 d - 3 potions of might
 g - a potion of ambrosia {unknown}
 i - a potion of cancellation {unknown}
 j - 4 potions of curing {unknown}
 w - a potion of heal wounds {unknown}
 x - a potion of brilliance {unknown}
 C - a potion of resistance {unknown}
 E - a potion of flight {unknown}
Comestibles
 f - 5 bread rations
 l - 2 beef jerkies
 o - 2 meat rations
 I - 2 chunks of flesh


   Skills:
 + Level 5.2 Fighting
 * Level 7.4 Maces & Flails
 + Level 5.5 Armour
 - Level 3.2 Shields


You had 7 spell levels left.
You didn't know any spells.

Dungeon Overview and Level Annotations

Branches:
Dungeon (5/15)
 Temple: D:4-7

Altars:
Ashenzari
Okawaru
Vehumet

Annotations:
D:5 Prince Ribbit


Innate Abilities, Weirdness & Mutations

You are resistant to torment.
Your stone body is resilient. (AC +5)
You are immune to poison.
You resist negative energy. (rN+)
You are resistant to electric shocks. (rElec)
You can survive without breathing.
You are immune to petrification.
You are immune to rotting.


Message History

You are too injured to fight recklessly!
You are too injured to fight recklessly!
You are too injured to fight recklessly!
You are too injured to fight recklessly!
You are too injured to fight recklessly!
You are too injured to fight recklessly!
You are too injured to fight recklessly!
You are too injured to fight recklessly!
You are too injured to fight recklessly!
You are too injured to fight recklessly!
You are too injured to fight recklessly!
You are too injured to fight recklessly!
You are too injured to fight recklessly!
You are too injured to fight recklessly!
You are too injured to fight recklessly!
You are too injured to fight recklessly!
You are too injured to fight recklessly!
You are too injured to fight recklessly!
Prince Ribbit hits you!
You die...

#.#...#.#
#.#...#.#
#.#..##.#
#.#.....#
#>#.######
#........#
######.###.##
#.<....F.#
#.####.#@#
#......#.#
########.#
........#
#########
###########
.........(#
........#.###


You could see Prince Ribbit.

Vanquished Creatures
  Sigmund (D:3)
  The ghost of KarmaPolice the Vandal, an amateur HaHu (D:3)
  A centaur (D:5)
  A scorpion (D:4)
  An orc priest (D:4)
  A hound (D:4)
  A bullfrog skeleton (D:5)
  2 orc wizards (D:5)
  A centaur skeleton (D:3)
  Ijyb (D:2)
  3 worker ants (D:4)
  2 worker ant zombies (D:3)
  5 gnolls
  7 adders (D:2)
  6 worms
  6 dart slugs
  4 leopard geckos
  9 orcs
  6 giant cockroaches
  7 goblins
  7 hobgoblins
  10 jackals
  7 kobolds
  A quokka (D:5)
  3 ball pythons
  8 bats
  4 frilled lizards
  A jackal skeleton (D:3)
  2 leopard gecko skeletons
  A leopard gecko zombie (D:3)
  6 rats
116 creatures vanquished.

Notes
Turn   | Place    | Note
-------+----------+-------------------------------------------
     0 | D:1      | dobroeutro the Gargoyle Fighter began the quest for the Orb.
     0 | D:1      | Reached XP level 1. HP: 14/14 MP: 1/1
   219 | D:1      | Reached XP level 2. HP: 19/19 MP: 2/2
   326 | D:1      | Reached skill level 3 in Maces & Flails
   635 | D:1      | Reached XP level 3. HP: 23/23 MP: 3/3
   844 | D:2      | You fall through a shaft!
   913 | D:3      | Reached skill level 4 in Maces & Flails
   987 | D:3      | Reached XP level 4. HP: 23/28 MP: 4/4
  1055 | D:3      | Noticed KarmaPolice's ghost (amateur HaHu)
  1358 | D:2      | Noticed Ijyb
  1662 | D:2      | Reached skill level 5 in Maces & Flails
  1662 | D:2      | Reached XP level 5. HP: 20/32 MP: 5/5
  1698 | D:2      | Killed Ijyb
  1869 | D:2      | Found a radiant altar of Vehumet.
  2113 | D:2      | Reached XP level 6. HP: 34/37 MP: 6/6
  2770 | D:3      | Noticed Sigmund
  2786 | D:3      | Killed Sigmund
  2786 | D:3      | Reached skill level 6 in Maces & Flails
  2994 | D:3      | Killed KarmaPolice's ghost
  2994 | D:3      | Reached XP level 7. HP: 35/44 MP: 7/7
  3487 | D:4      | Found a shattered altar of Ashenzari.
  3545 | D:4      | Reached skill level 7 in Maces & Flails
  3545 | D:4      | Reached skill level 5 in Armour
  3748 | D:5      | Entered Level 5 of the Dungeon
  3817 | D:5      | Reached skill level 5 in Fighting
  3939 | D:5      | Found an iron altar of Okawaru.
  3967 | D:5      | Became a worshipper of Warmaster Okawaru
  4047 | D:5      | Reached XP level 8. HP: 46/49 MP: 8/8
  4050 | D:5      | Noticed Prince Ribbit
  4369 | D:5      | Mangled by Prince Ribbit

Vault maps used:
D:1:      dpeg_arrival_three_bigger_balls
D:2:      vehumet_crystals, first_bread, uniq_iyjb
D:3:      serial_undead, serial_undead_a, serial_undead_e, serial_undead_d,
          serial_undead_a, uniq_sigmund
D:4:      ashenzari_conservatory_becter
D:5:      okawaru_altar_gauntlet_db, uniq_prince_ribbit1

Skill      XL: |  1  2  3  4  5  6  7 |
---------------+----------------------+-----
Maces & Flails | 3 4 5 6 7 |  7.4
Armour         | 4 5 |  5.5
Fighting       | 4 5 |  5.2
Shields        | |  3.2

Action                   |  1- 3 |  4- 6 |  7- 9 || total
-------------------------+-------+-------+-------++-------
Melee: Flail             |    97 |    87 |       ||   184
       Club              |       |   172 |   212 ||   384
  Eat: Chunk             |       |     7 |     5 ||    12
Armor: Scale mail        |    55 |       |       ||    55
       Ring mail         |     1 |   106 |   116 ||   223
Dodge: Dodged            |    28 |    72 |    65 ||   165
Block: Shield            |    55 |   114 |    82 ||   251
